 Dungeon Crawl Stone Soup version 0.20.0-7-g3b7b877 (webtiles) character file.

106 Esekla the Vexing (level 4, -5/36 HPs)
             Began as a Draconian Enchanter on May 28, 2017.
             Was an Initiate of Uskayaw.
             Slain by Grinder (6 damage)
             ... while paralysed by Grinder
             ... on level 3 of the Dungeon.
             The game lasted 00:21:40 (1863 turns).

Esekla the Vexing (Draconian Enchanter)             Turns: 1863, Time: 00:21:41

Health: -5/36      AC:  5    Str: 10    XL:     4   Next: 55%
Magic:  6/7        EV:  2    Int: 17    God:    Uskayaw [......]
Gold:   95         SH:  0    Dex: 11    Spells: 0/7 levels left

rFire    . . .     SeeInvis .   a - +1 dagger
rCold    . . .     Gourm    .   (no shield)
rNeg     . . .     Faith    .   (armour unavailable)
rPois    .         Spirit   .   (helmet restricted)
rElec    .         Reflect  .   (no cloak)
rCorr    .         Harm     .   (no gloves)
MR       .....                  (no boots)
Stlth    ++........             (no amulet)
Regen    0.2/turn               (no ring)
MPRegen  0.1/turn               (no ring)

@: paralysed
A: unfitting armour, cold-blooded, AC +5
a: Renounce Religion


You were on level 3 of the Dungeon.
You worshipped Uskayaw.
Uskayaw was noncommittal.
You were not hungry.

You visited 1 branch of the dungeon, and saw 3 of its levels.

You collected 95 gold pieces.

Inventory:

Hand Weapons
 a - a +1 dagger (weapon)
Missiles
 d - 52 stones (quivered)
 m - 19 sling bullets
Armour
 h - a +0 buckler
Jewellery
 n - an uncursed ring of magical power {unknown}
 p - a cursed ring of teleportation {unknown}
Scrolls
 e - 3 scrolls of enchant weapon {unknown}
 f - 2 scrolls of teleportation {unknown}
 j - a scroll of remove curse {unknown}
Potions
 g - a potion of haste {unknown}
 i - a potion of brilliance {unknown}
 k - 2 potions of resistance {unknown}
 o - a potion of might {unknown}
Books
 b - a book of Maledictions

   Spells                             Type                      Level
   a - Corona                         Hexes                        1
   b - Ensorcelled Hibernation        Hexes/Ice                    2
   c - Confuse                        Hexes                        3
   d - Tukima's Dance                 Hexes                        3
   e - Dazzling Spray                 Conjuration/Hexes            3
Comestibles
 c - a bread ration
 l - 2 meat rations


   Skills:
 + Level 2.1 Fighting
 + Level 2.0 Short Blades
 + Level 2.6 Dodging
 - Level 2.6 Stealth
 + Level 2.3 Spellcasting
 + Level 3.2 Hexes


You couldn't memorise any spells.
You knew the following spells:

 Your Spells              Type           Power        Failure   Level  Hunger
a - Corona                Hex            ##.....      4%          1    #......
b - Tukima's Dance        Hex            ##......     14%         3    ###....
c - Confuse               Hex            ##......     14%         3    ###....


Dungeon Overview and Level Annotations

Branches:
Dungeon (3/15)

Altars:
Fedhas
Sif Muna
Uskayaw
Yredelemnul

Annotations:
D:3 Grinder


Innate Abilities, Weirdness & Mutations

Your plain brown scales are hard. (AC +5)
You cannot fit into any form of body armour.
You are cold-blooded and may be slowed by cold attacks.


Message History

Aim: Grinder (lightly wounded, chance to defeat MR: 50%) Grinder resists with significant effort.
Grinder closely misses you.
You barely miss Grinder.
Grinder is lightly wounded.
You hit Grinder.
Grinder is lightly wounded.
Grinder gestures at you.
You suddenly lose the ability to move!
Grinder hits you but does no damage. Grinder hits you.
You writhe in agony.
Grinder hits you. Grinder gestures at you.
You shrug off the repeated paralysis!
Grinder hits you.
You writhe in agony.
* * * LOW HITPOINT WARNING * * *
Grinder hits you!
* * * LOW HITPOINT WARNING * * *
You writhe in agony.
You die...

. #........#
#. #........#
#.##........#
...........
#<......
#.#..#
#...##.#.##
##5.<.......
#@.##...[...
#.## .......
...# .......
##### ....r..
.......
.......
#####..


You could see Grinder.

Vanquished Creatures
  2 adders (D:2)
  3 gnolls
  A worm (D:2)
  A dart slug (D:1)
  A leopard gecko (D:2)
  2 giant cockroaches
  7 goblins
  3 hobgoblins
  10 jackals
  7 bats
  3 frilled lizards (D:1)
  6 kobolds
  9 rats
  A plant (D:1)
56 creatures vanquished.

Notes
Turn   | Place    | Note
-------+----------+-------------------------------------------
     0 | D:1      | Esekla the Draconian Enchanter began the quest for the Orb.
     0 | D:1      | Reached XP level 1. HP: 14/14 MP: 3/3
   499 | D:1      | Reached XP level 2. HP: 17/20 MP: 5/5
   567 | D:1      | Reached skill level 3 in Hexes
   807 | D:1      | Reached skill level 1 in Fighting
   897 | D:1      | Reached XP level 3. HP: 28/28 MP: 6/6
   922 | D:1      | Learned a level 3 spell: Tukima's Dance
  1567 | D:2      | Reached XP level 4. HP: 29/36 MP: 7/7
  1581 | D:2      | Learned a level 3 spell: Confuse
  1796 | D:2      | Found a basalt altar of Yredelemnul.
  1796 | D:2      | Found a deep blue altar of Sif Muna.
  1801 | D:2      | Found a hide-covered altar of Uskayaw.
  1806 | D:2      | Found a faded altar of an unknown god.
  1807 | D:2      | Found a blossoming altar of Fedhas.
  1820 | D:2      | Became a worshipper of Uskayaw the Reveler
  1848 | D:3      | Noticed Grinder
  1852 | D:3      | Paralysed by Grinder for 2 turns
  1857 | D:3      | Paralysed by Grinder for 6 turns
  1863 | D:3      | HP: 1/36 [Grinder (8)]
  1863 | D:3      | Slain by Grinder

Skill      XL: |  1  2  3  4 |
---------------+-------------+-----
Dodging        | 2 |  2.6
Hexes          | 3 |  3.2
Fighting       | 1 2 |  2.1
Short Blades   | 2 |  2.0
Stealth        | |  2.6
Spellcasting   | |  2.3

Action                   |  1- 3 |  4- 6 || total
-------------------------+-------+-------++-------
Melee: Dagger            |   380 |    21 ||   401
       Tailslap          |    40 |     4 ||    44
Throw: Stone             |    22 |     6 ||    28
 Cast: Corona            |     2 |     4 ||     6
 Stab: Sleeping          |     4 |     1 ||     5
  Eat: Bread ration      |     1 |       ||     1
Armor: Skin              |    54 |     6 ||    60
Dodge: Dodged            |   126 |     7 ||   133
